 Dungeon Crawl Stone Soup version 0.29-a0-813-g4a14ea37d6 (webtiles) character file.

Game seed: 10622237355263943802

55 pokeman the Magician (level 3, -2/20 HPs)
             Began as a Deep Elf Hedge Wizard on July 4, 2022.
             Killed from afar by an orc wizard (9 damage)
             ... with a magic dart
             ... on level 3 of the Dungeon.
             The game lasted 00:04:39 (2365 turns).

pokeman the Magician (Deep Elf Hedge Wizard)        Turns: 2365, Time: 00:04:40

Health: -2/20      AC:  6    Str:  7    XL:     3   Next: 67%
Magic:  11/11      EV: 13    Int: 20    God:
Gold:   176        SH:  0    Dex: 23    Spells: 1/12 levels left

rFire   . . .      SeeInvis .   r - +10 sling of Mourning {flame, rPois Dex+9 Stlth-}
rCold   + . .      Faith    .   (no shield)
rNeg    . . .      Spirit   .   l - +3 robe "Zoukajup" {rElec rC+ Slay+2}
rPois   +          Reflect  .   c - +0 hat
rElec   +          Harm     .   (no cloak)
rCorr   .          Rampage  .   m - +0 pair of gloves
Will    .....                   (no boots)
Stlth   ++........              (no amulet)
HPRegen 0.06/turn               n - ring of flight
MPRegen 0.12/turn               (no ring)

@: flying
A: no striking features
a: no special abilities


You were on level 3 of the Dungeon.
You visited 1 branch of the dungeon, and saw 3 of its levels.

You collected 176 gold pieces.

Inventory:

Hand Weapons
 r - the +10 sling of Mourning (weapon) {flame, rPois Dex+9 Stlth-}
   (You found it on level 3 of the Dungeon)

   Any ammunition fired from it burns those it strikes, dealing additional fire
   damage.
   Dex:       It affects your dexterity (+9).
   rPois:     It protects you from poison.
   Stlth:     It makes you less stealthy.
Armour
 c - a +0 hat (worn)
 l - the +3 robe "Zoukajup" (worn) {rElec rC+ Slay+2}
   (You found it on level 2 of the Dungeon)

   Slay:      It affects your accuracy & damage with ranged weapons and melee
   (+2).
   rC:        It protects you from cold.
   rElec:     It insulates you from electricity.
 m - a +0 pair of gloves (worn)
Jewellery
 n - a ring of flight (left hand)
Scrolls
 a - a scroll of acquirement {unknown}
 e - 4 scrolls of identify {unknown}
 g - a scroll of amnesia {unknown}
 h - a scroll of enchant armour {unknown}
 i - 3 scrolls of blinking {unknown}
 k - a scroll of magic mapping {unknown}
 o - a scroll of teleportation {unknown}
 p - 2 scrolls of vulnerability {unknown}
Potions
 b - a potion of degeneration {unknown}
 d - 2 potions of magic
 f - a potion of invisibility {unknown}
 j - a potion of curing {unknown}
 q - 2 potions of heal wounds {unknown}
 s - a potion of lignification {unknown}


   Skills:
 - Level 1.0 Fighting
 - Level 1.0 Armour
 + Level 2.4 Dodging
 + Level 2.4 Stealth
 * Level 5.3 Spellcasting
 + Level 2.0 Conjurations
 - Level 1.1 Summonings
 - Level 1.1 Translocations


You had one spell level left.
You knew the following spells:

 Your Spells              Type           Power      Damage    Failure   Level
a - Magic Dart            Conj           52%        1d5       4%          1
b - Mephitic Cloud        Conj/Pois/Air  8%         N/A       26%         3
c - Call Imp              Summ           9%         N/A       11%         2
d - Blink                 Tloc           18%        N/A       11%         2
e - Conjure Flame         Conj/Fire      9%         6-21      22%         3

Your spell library contained the following spells:

 Spells                   Type           Power      Damage    Failure   Level
 Slow                     Hex            20%        N/A       11%         1
 Iskenderun's Battlesphe  Conj           13%        2d7       80%         5
 Iron Shot                Conj/Erth      4%         9d2       100%        6
 Spellforged Servitor     Conj/Summ      5%         N/A       100%        7


Dungeon Overview and Level Annotations

Branches:
Dungeon (3/15)

Altars:


Message History

Fire: r) +10 sling of Mourning {flame, rPois Dex+9 Stlth-}
Press: ? - help, Q - select action, (/) - cycle Shift-Dir - straight line, f/p - orc wizard
Aim: an orc wizard, wielding a +0 dagger and wearing a +0 robe (67% to hit)
You shoot a sling bullet. The sling bullet hits the orc wizard.
The sling bullet burns the orc wizard.
The orc wizard is heavily wounded.
The orc wizard gestures at you while chanting.
The magic dart hits you!
Fire: r) +10 sling of Mourning {flame, rPois Dex+9 Stlth-}
Press: ? - help, Q - select action, (/) - cycle Shift-Dir - straight line, f/p - orc wizard
Aim: an orc wizard, wielding a +0 dagger and wearing a +0 robe (heavily wounded, 67% to hit)
You shoot a sling bullet. The sling bullet misses the orc wizard.
An orc comes into view. It is wielding a +0 club.
Fire: r) +10 sling of Mourning {flame, rPois Dex+9 Stlth-}
Press: ? - help, Q - select action, (/) - cycle Shift-Dir - straight line, f/p - orc wizard
Aim: an orc wizard, wielding a +0 dagger and wearing a +0 robe (heavily wounded, 67% to hit)
You shoot a sling bullet. The sling bullet hits the orc!
The sling bullet burns the orc.
You kill the orc!
The orc wizard casts a spell.
The orc wizard flickers and vanishes!
Deactivating autopickup; reactivate with Ctrl-A.
Your Conjurations skill increases to level 2!
Fire: r) +10 sling of Mourning {flame, rPois Dex+9 Stlth-}
Press: ? - help, Shift-Dir - straight line You shoot a sling bullet.
A magic dart appears from out of thin air!
The magic dart hits you.
Fire: r) +10 sling of Mourning {flame, rPois Dex+9 Stlth-}
Press: ? - help, Q - select action, (/) - cycle Shift-Dir - straight line You shoot a sling bullet.
Fire: r) +10 sling of Mourning {flame, rPois Dex+9 Stlth-}
Press: ? - help, Q - select action, (/) - cycle Shift-Dir - straight line You shoot a sling bullet.
Fire: r) +10 sling of Mourning {flame, rPois Dex+9 Stlth-}
Press: ? - help, Q - select action, (/) - cycle Shift-Dir - straight line You shoot a sling bullet.
A magic dart appears from out of thin air!
The magic dart hits you!
You die...

.......###......##..
#........#
.########..######..#
##........# ## ..>##
#....###........># #
#<###
..##..#.(####.####
.. #....## #.# .#
#####....# #.# #
###......#.# #.#
...)##...##...#.#
#.# #..{.@....###.#
#.# #....####### #.#
#.# #...# #<# #.#
... #.###.# .#
#.....# ####.###
#...# #.#.# #.#.#


There were no monsters in sight!

Vanquished Creatures
  A worm (D:2)
  3 dart slugs
  2 orcs (D:3)
  6 ball pythons
  3 bats (D:1)
  3 endoplasms
  2 giant cockroaches
  10 goblins
  4 hobgoblins
  2 kobolds
  A quokka (D:2)
37 creatures vanquished.

Notes
Turn   | Place    | Note
-------+----------+-------------------------------------------
     0 | D:1      | pokeman the Deep Elf Hedge Wizard began the quest for the
                  | Orb.
     0 | D:1      | Reached XP level 1. HP: 10/10 MP: 7/7
   242 | D:1      | Reached XP level 2. HP: 5/16 MP: 3/9
  1396 | D:2      | Reached skill level 5 in Spellcasting
  1526 | D:2      | Identified the +3 robe "Zoukajup" {rElec rC+ Slay+2}
  1562 | D:2      | Reached XP level 3. HP: 20/20 MP: 9/11
  1566 | D:2      | Learned a level 3 spell: Mephitic Cloud
  1578 | D:2      | Learned a level 2 spell: Call Imp
  1581 | D:2      | Learned a level 2 spell: Blink
  1585 | D:2      | Learned a level 3 spell: Conjure Flame
  1934 | D:2      | Found a faded altar of an unknown god.
  2237 | D:3      | Identified the +10 sling of Mourning {flame, rPois Dex+9
                  | Stlth-}
  2260 | D:3      | Reached skill level 1 in Fighting
  2359 | D:3      | Reached skill level 1 in Armour
  2365 | D:3      | Killed from afar by an orc wizard

Illustrated notes

Levels and vault maps discovered:
D:1:      dpeg_arrival_boxes_within_box, layout_basic, dreamdust_wishing_well
D:2:      layout_rooms, ebering_ecumenical_altar_webs
D:3:      layout_rooms, gammafunk_ghost_cemetery

Skill      XL: |  1  2  3 |
---------------+----------+-----
Spellcasting   | 5 |  5.3
Fighting       | 1 |  1.0
Armour         | 1 |  1.0
Conjurations   | 2 |  2.0
Dodging        | |  2.4
Stealth        | |  2.4
Summonings     | |  1.1
Translocations | |  1.1

Action                   || total
-------------------------++-------
Melee: Dagger            ||     2
 Fire: Sling             ||    12
 Cast: Magic Dart        ||    83
Armor: Robe              ||     6
Dodge: Dodged            ||    11

Table legend: (Time is in decaauts)
 A = Elapsed time spent in this place.
 B = Non-inter-level travel time spent in this place.
 C = Inter-level travel time spent in this place.
 D = Time resting spent in this place.
 E = Time spent auto-exploring this place.
 F = Levels seen in this place.
 G = Mean time per level.
                   A        B        C        D        E       F      G
               +--------+--------+--------+--------+--------+-----+--------+
         Total |   2367 |   2304 |     63 |      0 |   1952 |   3 |  789.0 |
       Dungeon |   2367 |   2304 |     63 |      0 |   1952 |   3 |  789.0 |
               +--------+--------+--------+--------+--------+-----+--------+

Top non-repeatable levels by time:
     D:1: 1384 daAuts
     D:2: 837 daAuts
     D:3: 146 daAuts
